 Dungeon Crawl Stone Soup version 0.30.1-9-gdf580d7c3d (webtiles) character file.

Game seed: 7897393740571393282

135 safid the Chiller (level 5, -1/39 HPs)
             Began as a Merfolk Ice Elementalist on Oct 2, 2023.
             Slain by Grinder (7 damage)
             ... on level 3 of the Dungeon.
             The game lasted 00:02:55 (1866 turns).

safid the Chiller (Merfolk Ice Elementalist)        Turns: 1866, Time: 00:02:55

Health: -1/39      AC:  8    Str:  9    XL:     5   Next: 18%
Magic:  5/9        EV: 12    Int: 16    God:
Gold:   91         SH:  0    Dex: 14    Spells: 3/10 levels left

rFire   . . .        g - +0 dagger (venom)
rCold   . . .        (no shield)
rNeg    . . .        a - +0 robe
rPois   .            (no helmet)
rElec   .            (no cloak)
rCorr   .            (no gloves)
SInv    .            (no boots)
Will    .....        (no amulet)
Stlth   ++           (no ring)
HPRegen 0.26/turn    (no ring)
MPRegen 0.11/turn

%: no passive effects
@: ice-armoured
A: (nimble swimmer 2), mertail
a: no special abilities


You were on level 3 of the Dungeon.
You visited 1 branch of the dungeon, and saw 3 of its levels.

You collected 91 gold pieces.

Inventory:

Hand Weapons
 g - a +0 dagger of venom (weapon)
Armour
 a - a +0 robe (worn)
Scrolls
 d - 3 scrolls of fear {unknown}
 e - a scroll of summoning {unknown}
 f - 2 scrolls of acquirement {unknown}
 j - a scroll of enchant weapon {unknown}
 k - a scroll of silence {unknown}
Potions
 b - a potion of magic
 c - 2 potions of curing
 h - a potion of attraction {unknown}
 i - 2 potions of heal wounds {unknown}


   Skills:
 + Level 2.7 Fighting
 - Level 2.6 Dodging
 - Level 2.1 Stealth
 + Level 3.2 Spellcasting
 + Level 5.3 Ice Magic


You had 3 spell levels left.
You knew the following spells:

 Your Spells              Type           Power      Damage    Failure   Level
a - Freeze                Ice            76%        1d8       1%          1
b - Frozen Ramparts       Ice            38%        1d6       6%          3
c - Ozocubu's Armour      Ice            19%        N/A       6%          3

Your spell library contained the following spells:

 Spells                   Type           Power      Damage    Failure   Level
 Summon Ice Beast         Ice/Summ       11%        N/A       52%         4


Dungeon Overview and Level Annotations

Branches:
Dungeon (3/15)

Altars:

Annotations:
D:3 Grinder


Innate Abilities, Weirdness & Mutations

((You are very nimble when in or above water. (Stealth+, EV+, Speed+++)))
Your lower body shifts to a powerful aquatic tail in water.


Message History

Unknown command.
Unknown command.
Unknown command.
Unknown command.
Unknown command.
Unknown command.
Unknown command.
Unknown command.
You closely miss Grinder.
Grinder blinks!
Grinder gestures at you.
You shrug off the repeated paralysis!
You hit Grinder but do no damage.
Grinder is poisoned.
Grinder completely misses you.
You hit Grinder but do no damage. Grinder hits you.
You writhe in agony.
You hit Grinder but do no damage. Grinder barely misses you.
You hit Grinder.
Grinder is lightly wounded.
Grinder hits you.
* * * LOW HITPOINT WARNING * * *
You closely miss Grinder.
Grinder is lightly wounded.
Grinder hits you.
* * * LOW HITPOINT WARNING * * *
You writhe in agony.
* * * LOW HITPOINT WARNING * * *
You closely miss Grinder.
Grinder is lightly wounded.
Grinder hits you.
* * * LOW HITPOINT WARNING * * *
You barely miss Grinder.
Grinder is lightly wounded.
Grinder says, "Don't move a muscle."
Grinder completely misses you.
You completely miss Grinder.
Grinder is lightly wounded.
Grinder hits you but does no damage.
You hit Grinder but do no damage.
Grinder looks even sicker.
Grinder is lightly wounded.
Grinder hits you!
You die...

.#.# . .#.#
#. .#.# # #
.#. .#.#.#.
#.#.#.#.#.#
#..... ..#
#...##.#
#..5@..#
#....#.##.#
#.# #.
#.#### ..
#....# .##
####.#### ##
#....#
####.#.#
#....#.#####
#.##.......#


You could see Grinder (very poisoned).

Vanquished Creatures
  Jessica (D:2)
  Natasha (twice) (D:2)
  An adder (D:2)
  2 dart slugs
  An endoplasm (D:2)
  3 giant cockroaches (D:1)
  4 goblins
  3 hobgoblins
  9 kobolds
  4 quokkas
  6 ball pythons
  5 bats
  4 frilled lizards
  4 rats
49 creatures vanquished.

Notes
Turn   | Place    | Note
-------+----------+-------------------------------------------
     0 | D:1      | safid the Merfolk Ice Elementalist began the quest for the
                  | Orb.
     0 | D:1      | Reached XP level 1. HP: 13/13 MP: 3/3
   172 | D:1      | Reached XP level 2. HP: 15/20 MP: 5/5
   214 | D:1      | Reached skill level 1 in Fighting
   613 | D:1      | Reached XP level 3. HP: 26/26 MP: 6/6
   617 | D:1      | Learned a level 3 spell: Frozen Ramparts
   871 | D:2      | Learned a level 3 spell: Ozocubu's Armour
   902 | D:2      | Noticed Jessica
   960 | D:2      | Killed Jessica
   961 | D:2      | Reached skill level 5 in Ice Magic
   961 | D:2      | Reached XP level 4. HP: 33/33 MP: 3/8
  1214 | D:2      | Noticed Natasha
  1229 | D:2      | Killed Natasha
  1550 | D:2      | Noticed Natasha
  1563 | D:2      | Killed Natasha
  1564 | D:2      | Reached XP level 5. HP: 18/39 MP: 2/9
  1843 | D:3      | Noticed Grinder
  1849 | D:3      | Paralysed by Grinder for 4 turns
  1866 | D:3      | Slain by Grinder

Illustrated notes

Levels and vault maps discovered:
D:1:      saegor_arrival_simple_d, layout_rooms, nrook_uturn,
          minmay_heptomino_h4
D:2:      layout_basic, uniq_jessica, uniq_natasha
D:3:      layout_basic, hellmonk_ecumenical_altar_slurped_away, uniq_grinder,
          uniq_robin

Skill      XL: |  1  2  3  4 |
---------------+-------------+-----
Fighting       | 1 2 |  2.7
Ice Magic      | 5 |  5.3
Spellcasting   | 3 |  3.2
Dodging        | |  2.6
Stealth        | |  2.1

Action                     |  1- 3 |  4- 6 || total
---------------------------+-------+-------++-------
  Melee: Spear             |    45 |       ||    45
         Unarmed           |     2 |       ||     2
         Dagger            |    29 |    52 ||    81
         Punch             |     2 |     1 ||     3
   Cast: Freeze            |    12 |     1 ||    13
         Frozen Ramparts   |     2 |     5 ||     7
         Ozocubu's Armour  |     1 |     3 ||     4
   Stab: Sleeping          |     5 |       ||     5
 Armour: Robe              |    10 |     8 ||    18
  Dodge: Dodged            |    52 |    25 ||    77
